 Dungeon Crawl Stone Soup version 0.29-a0-757-g358383bc75 (webtiles) character file.

Game seed: 12435452345969625030

2795 kevlar127 the Ruffian (level 9, -4/91 (92) HPs)
             Began as a Troll Berserker on June 30, 2022.
             Was an Elder of Trog.
             Killed from afar by a hellion (23 damage)
             ... with damnation
             ... on level 2 of the Abyss.
             The game lasted 00:23:19 (6293 turns).

kevlar127 the Ruffian (Troll Berserker)             Turns: 6293, Time: 00:23:20

HP:   -4/91 (92)    AC:  6    Str: 31    XL:     9   Next: 43%
MP:   8/8           EV: 14    Int:  3    God:    Trog [****..]
Gold: 59            SH:  5    Dex:  9    Spells: 8/8 levels left

rFire   . . .      SeeInvis .     - Unarmed
rCold   . . .      Faith    .   (no shield)
rNeg    . . .      Spirit   .   h - +2 robe {Will+}
rPois   .          Reflect  +   (helmet restricted)
rElec   .          Harm     .   (no cloak)
rCorr   .          Rampage  .   (gloves unavailable)
Will    +....                   (boots unavailable)
Stlth   +.........              n - amulet of reflection
HPRegen 1.05/turn               x - +4 ring of slaying
MPRegen 0.11/turn               w - +4 ring of evasion

@: on berserk cooldown, slowed, lightly drained, very slow
A: large, unfitting armour, claws 3, regeneration 1, shaggy fur 1, tough skin 1
a: Renounce Religion, Berserk, Trog's Hand, Brothers in Arms


You were on level 2 of the Abyss.
You worshipped Trog.
Trog was greatly pleased with you.
You visited 1 branch of the dungeon, and saw 6 of its levels.
You visited the Abyss 1 time.

You collected 312 gold pieces.
You spent 253 gold pieces at shops.

Inventory:

Missiles
 a - 22 poisoned darts
 k - 107 stones (quivered)
 H - 6 boomerangs
 K - a curare-tipped dart
Armour
 h - a +2 robe of willpower (worn)
 s - a +0 kite shield
Jewellery
 n - an amulet of reflection (around neck)
 w - a +4 ring of evasion (right claw)
 x - a +4 ring of slaying (left claw)
 y - an amulet of faith
 E - an amulet of guardian spirit
Wands
 D - a wand of light (13)
Scrolls
 c - 6 scrolls of teleportation {unknown}
 e - 3 scrolls of brand weapon {unknown}
 f - 2 scrolls of fear {unknown}
 g - a scroll of vulnerability {unknown}
 i - 6 scrolls of identify
 m - 2 scrolls of summoning
 o - a scroll of poison {unknown}
 p - a scroll of fog {unknown}
 q - 2 scrolls of enchant weapon {unknown}
 t - a scroll of blinking {unknown}
 u - 4 scrolls of magic mapping {unknown}
 v - a scroll of immolation {unknown}
 B - a scroll of amnesia {unknown}
Potions
 b - 4 potions of magic {unknown}
 d - a potion of degeneration {unknown}
 j - a potion of invisibility {unknown}
 l - 3 potions of heal wounds
 r - 3 potions of curing
 z - 2 potions of lignification {unknown}
 A - 2 potions of brilliance {unknown}
 C - a potion of flight
 F - 2 potions of attraction {unknown}
 G - a potion of ambrosia {unknown}
 I - a potion of haste
 J - a potion of resistance {unknown}


   Skills:
 * Level 6.5 Fighting
 + Level 4.4 Throwing
 + Level 2.5 Armour
 - Level 3.0 Dodging
 + Level 4.3 Shields
 * Level 7.7 Unarmed Combat


You had 8 spell levels left.
You didn't know any spells.
Your spell library was empty.

Dungeon Overview and Level Annotations

Branches:
Dungeon (6/15)             Temple (0/1) D:5

Altars:
Ashenzari
Dithmenos
Kikubaaqudgha
Okawaru
Ru

Shops:
D:1 ?*!*!

Annotations:
D:6 hquester1's ghost, novice MiFi


Innate Abilities, Weirdness & Mutations

You are too large for most types of armour.
You have claws for hands.
Your natural rate of healing is unusually fast.
You are covered in fur. (AC +1)
You have tough skin. (AC +1)


Message History

The kobold demonologist gestures wildly while chanting.
The kobold brigand hits you with a +2 short sword of distortion.
Space warps around you.
You scratch hquester1's ghost but do no damage.
The shadow imp misses you. Hquester1's ghost hits you!
You mangle the shadow imp!!
You kill the shadow imp!
The shadow imp disappears in a puff of smoke!
You block the kobold demonologist's attack.
The ice devil misses you. The kobold brigand barely misses you.
Hquester1's ghost hits you.
You are electrocuted!
* * * LOW HITPOINT WARNING * * *
A red film seems to cover your vision as you go berserk!
You feel yourself moving faster!
You feel mighty!
The kobold demonologist hits you with a +0 dagger.
* * * LOW HITPOINT WARNING * * *
The ice devil hits you.
* * * LOW HITPOINT WARNING * * *
The ice devil freezes you!
* * * LOW HITPOINT WARNING * * *
The kobold brigand hits you with a +2 short sword of distortion!
* * * LOW HITPOINT WARNING * * *
You are cast into the Abyss!
This branch contains the abyssal rune of Zot.
You feel a strong urge to attack something.
Unknown command.
You feel your anger nearly subside.
You are no longer berserk.
You are exhausted.
You feel yourself slow down.
You start resting.
A hellion comes into view.
A hellion is nearby!
A hellion is nearby!
A hellion is nearby!
A hellion is nearby!
The hellion gives a hideous shriek!
You are too injured to fight recklessly!
The hellion gestures at you.
The sphere of damnation explodes!
The damnation engulfs you!!
You die...

..#................
.....#............#
... ...#.........##≈
....#.............≈≈≈
................≈≈#
#....# .......≈ ≈
#..####..#.#≈≈≈.
#......@...≈≈≈.
#.#..#.....≈≈≈#
#..#..##....≈≈#.
##....###...#.# ..#
.# #..# # ..#....#
#2≈. . ..#..# .≈.#
... ... ....


You could see a hellion.

Vanquished Creatures
  Pikel (D:6)
  Grinder (D:4)
  A steam dragon (D:5)
  Edmund (D:6)
  Duvessa (D:4)
  An ogre (D:5)
  An orc warrior (D:6)
  4 lemures (D:6)
  A phantom (D:5)
  Blork the orc (D:6)
  2 kobold brigands (D:6)
  A necrophage (D:6)
  7 wights (D:6)
  Dowan (D:4)
  3 hounds
  6 orc priests (D:6)
  2 jellies
  2 iguanas
  Natasha (thrice) (D:4)
  3 orc wizards
  7 gnolls
  10 adders
  2 shadow imps (D:6)
  A white imp (D:6)
  3 worms
  41 orcs
  2 ball pythons
  10 endoplasms
  4 goblins
  11 hobgoblins
  16 jackals
  3 quokkas
  4 bats
  3 frilled lizards
  15 kobolds
  6 rats
181 creatures vanquished.

Vanquished Creatures (others)
  A fungus (D:6)
  3 plants
4 creatures vanquished.

Grand Total: 185 creatures vanquished

Notes
Turn   | Place    | Note
-------+----------+-------------------------------------------
     0 | D:1      | kevlar127 the Troll Berserker began the quest for the Orb.
     0 | D:1      | Reached XP level 1. HP: 22/22 MP: 0/0
    42 | D:1      | Found Xeumn's General Store.
    83 | D:1      | Found Oruega's Distillery.
    89 | D:1      | Found Geent's Assorted Antiques.
   103 | D:1      | Reached XP level 2. HP: 28/29 MP: 1/1
   134 | D:1      | Found Cygoin's Distillery.
   455 | D:1      | Found Jusuuf's Magic Scroll Shoppe.
   568 | D:1      | Reached ** piety under Trog
   569 | D:1      | Reached XP level 3. HP: 36/36 MP: 2/2
   743 | D:2      | Found a faded altar of an unknown god.
   921 | D:2      | Reached skill level 1 in Armour
   921 | D:2      | Reached XP level 4. HP: 42/44 MP: 3/3
  1614 | D:3      | Found an iron altar of Okawaru.
  1851 | D:3      | Found a sacrificial altar of Ru.
  2015 | D:3      | Reached *** piety under Trog
  2039 | D:3      | Reached XP level 5. HP: 53/53 MP: 4/4
  2280 | D:4      | Reached skill level 4 in Unarmed Combat
  2580 | D:1      | Bought a potion of curing for 33 gold pieces
  2635 | D:4      | Reached skill level 1 in Throwing
  2649 | D:4      | Reached skill level 1 in Shields
  2836 | D:4      | Noticed Natasha
  2838 | D:4      | Killed Natasha
  2856 | D:4      | Noticed Grinder
  2863 | D:4      | Killed Grinder
  2864 | D:4      | Reached XP level 6. HP: 43/62 MP: 5/5
  2937 | D:4      | Noticed Duvessa
  2937 | D:4      | Noticed Dowan
  2954 | D:4      | Killed Duvessa
  2955 | D:4      | Reached XP level 7. HP: 46/70 MP: 6/6
  2956 | D:4      | Killed Dowan
  2967 | D:4      | Noticed Natasha
  2971 | D:4      | Killed Natasha
  3018 | D:4      | Noticed Natasha
  3021 | D:4      | Killed Natasha
  3282 | D:4      | Found a shadowy altar of Dithmenos.
  3368 | D:1      | Bought a potion of heal wounds for 55 gold pieces
  3368 | D:1      | Bought a scroll of identify for 22 gold pieces
  3445 | D:5      | Entered Level 5 of the Dungeon
  3471 | D:5      | Reached skill level 5 in Unarmed Combat
  3957 | D:5      | Noticed a steam dragon
  3967 | D:5      | Killed a steam dragon
  4042 | D:5      | Reached XP level 8. HP: 75/79 MP: 7/7
  4167 | D:5      | Found a staircase to the Ecumenical Temple.
  4252 | D:5      | Found an ancient bone altar of Kikubaaqudgha.
  5073 | D:6      | Noticed a kobold demonologist
  5073 | D:6      | Noticed hquester1's ghost (novice MiFi)
  5073 | D:6      | Found a runed translucent gate.
  5073 | D:6      | Found a runed translucent gate.
  5073 | D:6      | Found a runed translucent gate.
  5084 | D:6      | Reached skill level 5 in Fighting
  5147 | D:6      | Reached skill level 6 in Unarmed Combat
  5176 | D:6      | Found a broken altar of Ashenzari.
  5278 | D:1      | Bought a potion of flight for 33 gold pieces
  5278 | D:1      | Bought a potion of haste for 110 gold pieces
  5414 | D:6      | Reached **** piety under Trog
  5459 | D:6      | Found the +1 Delatra's gloves {ID++}
  5646 | D:6      | Noticed Blork the orc
  5651 | D:6      | Killed Blork the orc
  5805 | D:6      | Reached skill level 7 in Unarmed Combat
  5812 | D:6      | Reached XP level 9. HP: 85/89 MP: 8/8
  5942 | D:6      | Noticed Pikel
  5962 | D:6      | Killed Pikel
  6157 | D:6      | Noticed Edmund
  6166 | D:6      | Killed Edmund
  6256 | D:6      | Noticed an orange demon
  6275 | D:6      | Noticed a rust devil
  6283 | D:6      | Noticed an ice devil
  6285 | Abyss:2  | Cast into level 2 of the Abyss (kobold brigand)
  6291 | Abyss:2  | Noticed a hellion
  6293 | Abyss:2  | Killed from afar by a hellion

Illustrated notes

Levels and vault maps discovered:
D:1:      ncdulo_halloftheorcs, layout_basic, serial_shops, shop_fountains,
          shop, shop, nicolae_shop_hallway_stairs, shop_statue,
          minmay_pentomino_t4
D:2:      layout_rooms, ebering_ecumenical_altar_webs, kennysheep_pointless_box,
          kennysheep_generic_room_11
D:3:      minmay_diamond_boxcup, layout_basic, nicolae_ru_awakened_eye,
          okawaru_ov_weapons_minmay, minmay_door_square, minmay_misc_feat_rows,
          minivault_11, nrook_campfire, serial_bayou_pond_e
D:4:      layout_rooms, marbit_many_paths, minmay_misc_feat_iff, uniq_natasha,
          uniq_grinder, uniq_duvessa
D:5:      cheibrodos_quashed, layout_layer_cave, amcnicky_altar_gilded,
          minmay_temple_entry_statues_fountains, serial_bayou_ford_a
D:6:      layout_loops_ring, lemuel_tele_altar, gammafunk_ghost_nasty_kobolds,
          uniq_blork_the_orc, uniq_pikel, uniq_edmund
Abyss:2:  base:
D:6

Skill      XL: |  1  2  3  4  5  6  7  8 |
---------------+-------------------------+-----
Armour         | 1 2 |  2.5
Fighting       | 3 4 6 |  6.5
Dodging        | 3 |  3.0
Unarmed Combat | 4 5 7 |  7.7
Throwing       | 1 2 3 4 |  4.4
Shields        | 1 2 3 4 |  4.3

Action                   |  1- 3 |  4- 6 |  7- 9 || total
-------------------------+-------+-------+-------++-------
Melee: Unarmed           |    87 |   145 |   239 ||   471
       Punch             |     2 |       |     7 ||     9
Throw: Dart              |       |     5 |       ||     5
       Stone             |       |     1 |     1 ||     2
Invok: Berserk           |     1 |     1 |     2 ||     4
       Trog's Hand       |     1 |       |     3 ||     4
Armor: Animal skin       |    33 |    46 |       ||    79
       Robe              |       |       |    48 ||    48
Dodge: Dodged            |    49 |    80 |   109 ||   238
Block: Other             |     4 |    30 |    32 ||    66
       Reflection        |       |     2 |     1 ||     3

Table legend: (Time is in decaauts)
 A = Elapsed time spent in this place.
 B = Non-inter-level travel time spent in this place.
 C = Inter-level travel time spent in this place.
 D = Time resting spent in this place.
 E = Time spent auto-exploring this place.
 F = Levels seen in this place.
 G = Mean time per level.
                   A        B        C        D        E       F      G
               +--------+--------+--------+--------+--------+-----+--------+
         Total |   6291 |   5669 |    622 |   1136 |   3547 |   7 |  898.7 |
       Dungeon |   6283 |   5661 |    622 |   1136 |   3547 |   6 | 1047.2 |
         Abyss |      8 |      8 |      0 |      0 |      0 |   1 |    8.0 |
               +--------+--------+--------+--------+--------+-----+--------+

Top non-repeatable levels by time:
     D:5: 1683 daAuts
     D:4: 1003 daAuts
     D:3: 992 daAuts
     D:6: 986 daAuts
     D:2: 927 daAuts
     D:1: 689 daAuts
 Abyss:2: 8 daAuts
